 Dungeon Crawl Stone Soup version 0.28.0-56-g4927b6849a (webtiles) character file.

Game seed: 7663493744563061158

52 cbfl8 the Skirmisher (level 3, -5/51 HPs)
             Began as a Minotaur Berserker on Jan 26, 2023.
             Was a Believer of Trog.
             Killed by divine providence
             ... invoked by an orc priest
              (14 damage)
             ... on level 3 of the Dungeon.
             The game lasted 00:01:42 (2321 turns).

cbfl8 the Skirmisher (Minotaur Berserker)           Turns: 2321, Time: 00:01:43

Health: -5/51      AC: 13    Str: 21    XL:     3   Next: 60%
Magic:  2/2        EV:  6    Int:  4    God:    Trog [**....]
Gold:   105        SH:  0    Dex: 11    Spells: 2/2 levels left

rFire   . . .      SeeInvis .   a - +0 hand axe
rCold   . . .      Faith    .   (no shield)
rNeg    . . .      Spirit   .   d - +0 plate armour
rPois   .          Reflect  .   (helmet restricted)
rElec   .          Harm     .   n - +0 cloak
rCorr   .          Rampage  .   (no gloves)
Will    .....                   i - +0 pair of boots
Stlth   ..........              (no amulet)
HPRegen 0.17/turn               (no ring)
MPRegen 0.08/turn               (no ring)

@: berserking, very quick
A: horns 2, retaliatory headbutt
a: Renounce Religion, Berserk, Trog's Hand


You were on level 3 of the Dungeon.
You worshipped Trog.
Trog was pleased with you.
You visited 1 branch of the dungeon, and saw 3 of its levels.

You collected 105 gold pieces.

Inventory:

Hand Weapons
 a - a +0 hand axe (weapon)
Armour
 d - a +0 plate armour (worn)
 i - a +0 pair of boots (worn)
 n - a +0 cloak (worn)
Scrolls
 e - a scroll of fog {unknown}
 g - a scroll of identify {unknown}
 j - a scroll of silence {unknown}
 k - a scroll of magic mapping {unknown}
Potions
 b - a potion of curing {unknown}
 c - 2 potions of haste {unknown}
 f - a potion of resistance {unknown}
 h - a potion of mutation {unknown}
 l - a potion of heal wounds {unknown}
 m - a potion of attraction {unknown}
 o - 2 potions of degeneration {unknown}
 p - a potion of invisibility {unknown}


   Skills:
 + Level 4.5 Fighting
 + Level 4.4 Axes
 + Level 3.0 Armour
 + Level 2.4 Dodging


You had 2 spell levels left.
You didn't know any spells.
Your spell library was empty.

Dungeon Overview and Level Annotations

Branches:
Dungeon (3/15)

Altars:
Uskayaw
The Shining One

Shops:
D:3 !

Annotations:
D:3 3 runed translucent doors, JacoesBerries's ghost, weakling DECj


Innate Abilities, Weirdness & Mutations

You have a pair of horns on your head.
You reflexively headbutt those who attack you in melee.


Message History

No target in view!
Things that are here:
a frilled lizard corpse; a rat corpse No target in view!
An orc priest comes into view. It is wielding a +0 mace of protection.
Found 6 poisoned darts.
The orc priest hits you with a +0 mace of protection.
An orc priest is nearby!
You hit the orc priest but do no damage.
The orc priest looks satisfied for a moment.
An orc priest is nearby!
You closely miss the orc priest. The orc priest closely misses you.
An orc priest is nearby!
You hit the orc priest. Your headbutt misses the orc priest.
Your punch misses the orc priest.
The orc priest is lightly wounded.
The orc priest invokes the aid of Beogh against you.
Beogh smites you!
You hear a shout!
An orc priest is nearby!
You hit the orc priest but do no damage.
The orc priest is lightly wounded.
The orc priest mumbles some strange prayers to Beogh against you.
Beogh smites you!
* * * LOW HITPOINT WARNING * * *
You hear a shout!
An orc priest is nearby!
You are too injured to fight recklessly!
An orc priest is nearby!
You are too injured to fight recklessly!
A red film seems to cover your vision as you go berserk!
You feel yourself moving faster!
You feel mighty!
The orc priest hits you with a +0 mace of protection.
* * * LOW HITPOINT WARNING * * *
You closely miss the orc priest. Your headbutt misses the orc priest.
You punch the orc priest.
The orc priest is moderately wounded.
The orc priest calls down the wrath of Beogh upon you.
Beogh smites you!
You die...

###...#.# #.
#....## #.
####.# #. #.#
####.########
#............
#.##.########
#.##.# #.##@#
#.##.o.#
#.####(...
#.# .#### #.#
# #.#


You could see an orc priest.

Vanquished Creatures
  An adder (D:2)
  2 dart slugs
  4 ball pythons
  4 endoplasms
  3 giant cockroaches (D:1)
  A goblin (D:1)
  A hobgoblin (D:2)
  4 jackals (D:2)
  2 quokkas (D:1)
  5 bats
  2 frilled lizards (D:3)
  4 kobolds
  4 rats
37 creatures vanquished.

Notes
Turn   | Place    | Note
-------+----------+-------------------------------------------
     0 | D:1      | cbfl8 the Minotaur Berserker began the quest for the Orb.
     0 | D:1      | Reached XP level 1. HP: 19/19 MP: 0/0
   190 | D:1      | Reached XP level 2. HP: 24/27 MP: 1/1
  1057 | D:2      | Reached XP level 3. HP: 33/33 MP: 2/2
  1116 | D:2      | Reached ** piety under Trog
  1570 | D:2      | Found a hide-covered altar of Uskayaw.
  2180 | D:3      | Found a glowing golden altar of the Shining One.
  2183 | D:3      | Found Tesmout's Distillery.
  2208 | D:3      | Noticed JacoesBerries's ghost (weakling DECj)
  2210 | D:3      | Found a runed translucent gate.
  2210 | D:3      | Found a runed translucent gate.
  2210 | D:3      | Found a runed translucent gate.
  2321 | D:3      | Killed from afar by an orc priest

Illustrated notes

Levels and vault maps discovered:
D:1:      dpeg_arrival_leaves_temple_mockup, layout_basic
D:2:      layout_basic, basic_altar, bh_walls_and_bars
D:3:      minmay_diamond_boxcup, layout_loops_ring, lemuel_tele_altar,
          gammafunk_ghost_split, serial_shops, nicolae_shop_crystal,
          minivault_24, uniq_sigmund

Skill      XL: |  1  2  3 |
---------------+----------+-----
Fighting       | 4 |  4.5
Axes           | 4 |  4.4
Armour         | 3 |  3.0
Dodging        | |  2.4

Action                   || total
-------------------------++-------
Melee: Hand axe          ||    86
       Headbutt          ||    11
       Punch             ||     1
Invok: Berserk           ||     1
Armor: Animal skin       ||     2
       Plate armour      ||    62
Dodge: Dodged            ||    37
